 Dungeon Crawl Stone Soup version 0.22.1-2-g9c5b331383 (webtiles) character file.

921 Jerry the Chopper (level 8, -2/67 HPs)
             Began as a Ghoul Gladiator on Nov 24, 2018.
             Was an Initiate of Okawaru.
             Slain by a killer bee (4 damage)
             ... on level 6 of the Dungeon.
             The game lasted 00:17:48 (4072 turns).

Jerry the Chopper (Ghoul Gladiator)                 Turns: 4072, Time: 00:17:48

Health: -2/67      AC:  8    Str: 18 (19) XL:     8   Next: 10%
Magic:  7/7        EV: 12    Int:  1 (4)  God:    Okawaru [......]
Gold:   197        SH:  2    Dex:  8 (10) Spells: 7/7 levels left

rFire    + . .     SeeInvis .   a - +0 war axe
rCold    + . .     Gourm    .   (no shield)
rNeg     + + +     Faith    .   b - +0 leather armour
rPois    ∞         Spirit   .   t - +2 hat
rElec    .         Reflect  +   (no cloak)
rCorr    .         Harm     .   n - +0 pair of gloves
MR       .....                  w - +1 pair of boots
Stlth    ++........             v - +2 amulet of reflection
HPRegen  0.00/turn              k - ring of stealth
MPRegen  0.10/turn              g - ring of protection from fire

@: rotting
A: rotting body, claws 1, carnivore, cold resistance 1, negative energy
resistance 3, inhibited regeneration, torment resistance, unbreathing
a: Renounce Religion


You were on level 6 of the Dungeon.
You worshipped Okawaru.
Okawaru was noncommittal.
You were not hungry.

You visited 1 branch of the dungeon, and saw 7 of its levels.

You collected 197 gold pieces.

Inventory:

Hand Weapons
 a - a +0 war axe (weapon)
 j - a +0 hand axe
 C - a +1 flail of protection
Missiles
 d - 3 throwing nets (quivered)
Armour
 b - a +0 leather armour (worn)
 c - a +0 helmet
 n - a +0 pair of gloves (worn)
 t - a +2 hat (worn)
 w - a +1 pair of boots (worn)
 A - a +0 buckler
Jewellery
 g - a ring of protection from fire (right hand)
 k - a ring of stealth (left hand)
 v - a +2 amulet of reflection (around neck)
Scrolls
 h - 2 scrolls of identify
 i - 3 scrolls of teleportation
 o - 2 scrolls of remove curse
 s - a scroll of magic mapping {unknown}
 u - 3 scrolls of enchant weapon {unknown}
 x - 3 scrolls of amnesia {unknown}
Potions
 e - 2 potions of curing
 m - a potion of might
 q - 3 potions of resistance
 r - a potion of brilliance
 z - a potion of degeneration
Comestibles
 f - 11 rations


   Skills:
 + Level 4.5 Fighting
 * Level 5.6 Axes
 - Level 3.5 Throwing
 + Level 3.3 Armour
 - Level 2.6 Dodging
 + Level 2.1 Shields
 + Level 1.3 Invocations


You had 7 spell levels left.
You didn't know any spells.
Your spell library was empty.

Dungeon Overview and Level Annotations

Branches:
Dungeon (7/15)             Temple (0/1) D:4

Altars:
Elyvilon
Fedhas
Kikubaaqudgha
Nemelex Xobeh
Okawaru
Sif Muna
Uskayaw
The Shining One

Annotations:
D:6 2 transporters


Innate Abilities, Weirdness & Mutations

Your body is rotting away.
You thrive on raw meat.
You are immune to poison.
You have sharp fingernails.
You are carnivorous and can eat meat at any time.
Your flesh is cold resistant. (rC+)
You are immune to negative energy. (rN+++)
You do not regenerate when monsters are visible.
You are immune to unholy pain and torment.
You can survive without breathing.


Message History

* * * LOW HITPOINT WARNING * * *
The killer bee stings you but does no damage.
It was a potion of heal wounds.
You feel much better. The killer bee stings you.
* * * LOW HITPOINT WARNING * * *
The killer bee stings you but does no damage.
The killer bee closely misses you.
The killer bee stings you but does no damage.
The killer bee closely misses you.
The killer bee stings you but does no damage.
The killer bee closely misses you. The killer bee stings you.
* * * LOW HITPOINT WARNING * * *
You miss the killer bee. You closely miss the killer bee. x3
The killer bee barely misses you. The killer bee misses you.
The killer bee closely misses you. x4; The killer bee stings you.
* * * LOW HITPOINT WARNING * * *
The killer bee stings you!
* * * LOW HITPOINT WARNING * * *
You block the killer bee's attack. The killer bee stings you.
You die...

#......##
....
#......#
....
#.....##
....
#.#..##
....
##..##
....
#..##
....
##.##
#... #yy#
#... #@##
##.. #yy#
##. ##.#
## #.# #
### #


You could see 4 killer bees.

Vanquished Creatures
  A sky beast (D:6)
  A centaur (D:6)
  3 bullfrogs (D:6)
  A scorpion (D:4)
  A hound (D:6)
  2 crimson imps (D:6)
  An orc wizard (D:5)
  2 iguanas
  A bullfrog skeleton (D:4)
  3 worker ants
  A worker ant zombie (D:6)
  4 gnolls (D:4)
  9 adders
  An ooze (D:4)
  An adder zombie (D:6)
  An adder skeleton (D:4)
  2 worms
  5 leopard geckos
  9 orcs
  3 giant cockroaches
  A goblin (D:1)
  3 hobgoblins
  9 jackals
  2 quokkas
  6 bats
  6 frilled lizards
  8 kobolds
  9 rats
96 creatures vanquished.

Vanquished Creatures (others)
  A goblin (D:3)
1 creature vanquished.

Grand Total: 97 creatures vanquished

Notes
Turn   | Place    | Note
-------+----------+-------------------------------------------
     0 | D:1      | Jerry the Ghoul Gladiator began the quest for the Orb.
     0 | D:1      | Reached XP level 1. HP: 17/17 MP: 0/0
   169 | D:1      | Reached XP level 2. HP: 24/25 MP: 1/1
   178 | D:1      | Reached skill level 3 in Axes
   620 | D:2      | Reached XP level 3. HP: 24/29 MP: 2/2
   694 | D:2      | Reached skill level 1 in Armour
   829 | D:2      | Found a blossoming altar of Fedhas.
  1320 | D:3      | Reached XP level 4. HP: 30/37 MP: 3/3
  1477 | D:3      | Found a white marble altar of Elyvilon.
  1828 | D:4      | Reached XP level 5. HP: 24/45 MP: 4/4
  2063 | D:4      | Reached skill level 4 in Axes
  2145 | D:4      | Found a deep blue altar of Sif Muna.
  2145 | D:4      | Found a hide-covered altar of Uskayaw.
  2146 | D:4      | Found a glowing golden altar of the Shining One.
  2291 | D:4      | Found a staircase to the Ecumenical Temple.
  2329 | D:4      | Reached XP level 6. HP: 45/51 MP: 5/5
  2625 | D:5      | Entered Level 5 of the Dungeon
  2681 | D:5      | Found a sparkling altar of Nemelex Xobeh.
  2995 | D:5      | Reached skill level 1 in Shields
  3136 | D:6      | Reached XP level 7. HP: 32/58 MP: 6/6
  3293 | D:6      | Found an iron altar of Okawaru.
  3315 | D:6      | Reached skill level 5 in Axes
  3378 | D:6      | Became a worshipper of Warmaster Okawaru
  3392 | D:6      | Found an ancient bone altar of Kikubaaqudgha.
  3427 | D:6      | Found a transporter.
  3448 | D:6      | Found a transporter.
  3567 | D:6      | Noticed a two-headed ogre
  3646 | D:6      | Reached skill level 1 in Invocations
  3646 | D:6      | Reached XP level 8. HP: 31/67 MP: 7/7
  4070 | D:6      | HP: 3/65 [killer bee (2)]
  4072 | D:6      | Slain by a killer bee

Skill      XL: |  1  2  3  4  5  6  7 |
---------------+----------------------+-----
Axes           | 3 4 5 |  5.6
Throwing       | 2 3 |  3.5
Armour         | 1 2 3 |  3.3
Fighting       | 3 4 |  4.5
Shields        | 1 2 |  2.1
Invocations    | 1 |  1.3
Dodging        | |  2.6

Action                   |  1- 3 |  4- 6 |  7- 9 || total
-------------------------+-------+-------+-------++-------
Melee: War axe           |    13 |       |     4 ||    17
       Hand axe          |   150 |   232 |   146 ||   528
  Use: Scroll            |       |    11 |     1 ||    12
       Potion            |       |       |     2 ||     2
 Stab: Sleeping          |     4 |     3 |       ||     7
  Eat: Chunk             |    16 |    25 |    12 ||    53
Armor: Leather armour    |    72 |    67 |    61 ||   200
Dodge: Dodged            |   159 |   162 |   146 ||   467
Block: Other             |       |    17 |    14 ||    31
